 Dungeon Crawl Stone Soup version 0.24.0-125-gc4c63601f3 (console) character file.

Game seed: 479485424665778086, levelgen mode: deterministic

109 utis the Conjurer (level 4, -7/24 HPs)
             Began as a Tengu Wizard on Feb 21, 2020.
             Killed by divine providence
             ... invoked by an orc priest
              (16 damage)
             ... on level 4 of the Dungeon.
             The game lasted 00:08:01 (4092 turns).

utis the Conjurer (Tengu Wizard)                    Turns: 4092, Time: 00:08:02

Health: -7/24      AC:  5    Str:  7    XL:     4   Next: 90%
Magic:  9/9        EV: 13    Int: 19    God:
Gold:   138        SH:  0    Dex: 13    Spells: 1/9 levels left

rFire    + . .     SeeInvis .   u - +0 rapier
rCold    + . .     Gourm    .   (no shield)
rNeg     . . .     Faith    .   v - +0 leather armour {rC+}
rPois    .         Spirit   .   b - +2 hat
rElec    .         Reflect  .   (no cloak)
rCorr    .         Harm     +   (no gloves)
MR       .....                  (boots unavailable)
Stlth    ++........             q - amulet of harm
HPRegen  0.08/turn              F - ring of protection from fire
MPRegen  0.11/turn              (no ring)

@: no status effects
A: beak, talons 3
a: no special abilities


You were on level 4 of the Dungeon.
You were near starving.

You visited 1 branch of the dungeon, and saw 4 of its levels.

You collected 138 gold pieces.

Inventory:

Hand Weapons
 e - a +0 mace
 h - a +0 dagger
 i - a +0 hunting sling
 u - a +0 rapier (weapon)
 A - a +0 trident
Missiles
 s - 10 poisoned darts (quivered)
Armour
 a - a +0 robe
 b - a +2 hat (worn)
 r - a +0 leather armour
 v - a +0 leather armour of cold resistance (worn)
 y - a +0 buckler
Jewellery
 q - an amulet of harm (around neck)
 F - a ring of protection from fire (left hand)
Wands
 p - a wand of iceblast (11)
 w - a wand of disintegration (8) {@e1}
Scrolls
 c - 2 scrolls of remove curse {@r2}
 g - a scroll of identify {@r1}
 n - a scroll of random uselessness {unknown}
 t - a scroll of enchant armour
Potions
 f - 2 potions of curing {@q1}
 j - 2 potions of might
 k - a potion of cancellation {unknown}
 o - a potion of berserk rage {unknown}
 z - a potion of lignification {unknown}
Comestibles
 d - 5 rations {@e1}


   Skills:
 * Level 3.6 Dodging
 - Level 2.0 Stealth
 + Level 3.2 Spellcasting
 + Level 3.9 Conjurations
 - Level 1.2 Summonings
 - Level 0.7 Translocations
 + Level 1.2 Fire Magic


You had one spell level left.
You knew the following spells:

 Your Spells              Type           Power        Failure   Level  Hunger
a - Magic Dart            Conj           ###.         4%          1    None
o - Conjure Flame         Conj/Fire      ##......     22%         3    ###....
p - Call Imp              Summ           #.......     21%         2    ##.....
v - Blink                 Tloc           N/A          26%         2    ##.....

Your spell library contained the following spells:

 Spells                   Type           Power        Failure   Level  Hunger
 Confusing Touch          Hex            #.....       22%         1    None
 Slow                     Hex            #.......     34%         2    ##.....
 Mephitic Cloud           Conj/Pois/Air  #.......     36%         3    ###....
 Gell's Gravitas          Tloc           #.........   45%         3    ###....
 Confuse                  Hex            #.......     56%         3    ###....
 Petrify                  Tmut/Erth      #.......     92%         4    ####...
 Metabolic Englaciation   Hex/Ice        #.........   99%         5    ######.
 Yara's Violent Unravell  Hex/Tmut       #.........   99%         5    ######.


Dungeon Overview and Level Annotations

Branches:
Dungeon (4/15)
 Temple: D:4-7

Altars:
Elyvilon
Kikubaaqudgha
Uskayaw


Innate Abilities, Weirdness & Mutations

You have a beak for a mouth.
You have claws for feet.


Message History

Casting: Blink (safe; 26% risk of failure)
Confirm with . or Enter, or press ? or * to list all spells.
Aiming: Magic Dart (safe; 4% risk of failure)
Press: ? - help, Shift-Dir - straight line, f - leopard gecko
Aim: a leopard gecko (clinging, resting)
The magic dart hits the leopard gecko.
You kill the leopard gecko!
You start resting.
Magic restored.
An orc priest comes into view. It is wielding a +0 flail.
The orc priest shouts!
An orc comes into view.
The orc priest invokes the aid of Beogh against you.
Pain shoots through your body!
Ouch! That really hurt!
* * * LOW HITPOINT WARNING * * *
The orc priest invokes the aid of Beogh against you.
Beogh smites you!
Ouch! That really hurt!
You die...

...............
.....>.........
.....€o......
..........░ ░░
░..░░ ..░ ░░..░░
..░ ░...░░ ░.░
░....░░░░.░
░....Q.░..░
░.░░░....░ ░.░
░░░..░ ░.░
░░.░░░░ ..
░.....░ . .
░░.░░░░░ ...
░░..░
....░░░..░░
░.............░░


You could see an orc priest.

Vanquished Creatures
  A worker ant (D:3)
  A howler monkey skeleton (D:4)
  An adder (D:3)
  An ooze (D:1)
  A worm (D:2)
  2 dart slugs (D:1)
  A leopard gecko (D:4)
  4 orcs (D:3)
  5 giant cockroaches
  2 goblins
  3 hobgoblins
  4 jackals (D:1)
  4 kobolds
  3 quokkas
  4 bats
  4 frilled lizards
  A leopard gecko skeleton (D:4)
  5 rats
47 creatures vanquished.

Notes
Turn   | Place    | Note
-------+----------+-------------------------------------------
     0 | D:1      | utis the Tengu Wizard began the quest for the Orb.
     0 | D:1      | Reached XP level 1. HP: 10/10 MP: 5/5
   135 | D:1      | Reached XP level 2. HP: 9/15 MP: 0/7
   920 | D:1      | Reached XP level 3. HP: 7/19 MP: 8/8
  1316 | D:1      | Learned a level 2 spell: Call Imp
  1320 | D:1      | Learned a level 3 spell: Conjure Flame
  1323 | D:1      | Learned a level 2 spell: Blink
  2313 | D:2      | You fall into a shaft and drop 1 floor!
  2601 | D:3      | Found a white marble altar of Elyvilon.
  2764 | D:3      | Reached XP level 4. HP: 24/24 MP: 7/9
  3335 | D:3      | Reached skill level 1 in Fire Magic
  4027 | D:4      | Found an ancient bone altar of Kikubaaqudgha.
  4028 | D:4      | Found a hide-covered altar of Uskayaw.
  4092 | D:4      | Killed from afar by an orc priest

Levels and vault maps discovered:
D:1:      giann_bridges, layout_basic
D:2:      layout_basic
D:3:      layout_loops_ring, lemuel_tele_altar
D:4:      layout_layer_cave, gammafunk_temple_overflow_statue,
          minmay_shop_mayhem, fedhas_altar_1

Skill      XL: |  1  2  3  4 |
---------------+-------------+-----
Conjurations   | 2 3 |  3.9
Dodging        | 3 |  3.6
Fire Magic     | 1 |  1.2
Stealth        | |  2.0
Spellcasting   | |  3.2
Summonings     | |  1.2
Translocations | |  0.7

Action                   |  1- 3 |  4- 6 || total
-------------------------+-------+-------++-------
Melee: Dagger            |    37 |       ||    37
       Peck              |     3 |     3 ||     6
       Unarmed           |     1 |       ||     1
       Kick              |     8 |     6 ||    14
       Rapier            |     7 |    25 ||    32
Throw: Dart              |     3 |       ||     3
 Cast: Magic Dart        |    75 |    26 ||   101
       Blink             |       |     3 ||     3
       Conjure Flame     |       |     1 ||     1
  Use: Scroll            |       |     8 ||     8
 Stab: Sleeping          |     1 |       ||     1
  Eat: Chunk             |     6 |     2 ||     8
Armor: Robe              |     8 |       ||     8
       Leather armour    |       |     9 ||     9
Dodge: Dodged            |    35 |    18 ||    53
